 Dungeon Crawl Stone Soup version 0.31-a0-151-ge443d1f16c (webtiles) character file.

Game seed: 15171297681977567867

763 qw the Skirmisher (level 7, 0/44 HPs)
             Began as a Gargoyle Hunter on June 8, 2023.
             Slain by a killer bee (3 damage)
             ... on level 4 of the Dungeon.
             The game lasted 00:01:36 (4029 turns).

qw the Skirmisher (Gargoyle Hunter)                 Turns: 4029, Time: 00:01:36

Health: 0/44       AC: 12    Str: 15    XL:     7   Next: 81%
Magic:  7/7        EV: 12    Int:  9    God:
Gold:   298        SH:  0    Dex: 15    Spells: 6/6 levels left

rFire   . . .        Y - +0 orcbow
rCold   . . .        (shield currently unavailable)
rNeg    + . .        d - +3 leather armour
rPois   inf          (no helmet)
rElec   +            j - +0 cloak
rCorr   .            (no gloves)
SInv    .            (no boots)
Will    .....        c - amulet of the acrobat
Stlth   ++           (no ring)
HPRegen 0.27/turn    (no ring)
MPRegen 0.10/turn

%: acrobat
@: no status effects
A: sickness immunity, AC +4, negative energy resistance 1, electricity
resistance, torment resistance 1, petrification resistance
a: no special abilities


You were on level 4 of the Dungeon.
You visited 1 branch of the dungeon, and saw 5 of its levels.

You collected 298 gold pieces.


Innate Abilities, Weirdness & Mutations

You are immune to sickness and miasma.
Your stone body is resilient. (AC +4)
You are immune to poison.
You resist negative energy. (rN+)
You are resistant to electric shocks. (rElec)
You are resistant to unholy torment.
You are immune to petrification.


   Skills:
 + Level 4.9 Fighting
 - Level 8.0 Ranged Weapons
 - Level 1.5 Armour
 - Level 2.0 Dodging
 - Level 1.1 Stealth


You had 6 spell levels left.
You didn't know any spells.
Your spell library was empty.

Inventory:

Hand Weapons
 Y - a +0 orcbow (weapon)
Armour
 d - a +3 leather armour (worn)
 j - a +0 cloak (worn)
Jewellery
 c - an amulet of the acrobat (around neck)
Scrolls
 i - a scroll of identify
Potions
 b - a potion of heal wounds {unknown}
 e - a potion of attraction {unknown}
 g - a potion of curing {unknown}

Dungeon Overview and Level Annotations

Branches:
Dungeon (5/15)
 Temple: D:4-7

Altars:
Sif Muna


Message History

The killer bee stings you but does no damage.
The killer bee misses you.
You shoot an arrow. The arrow hits the killer bee.
The killer bee is moderately wounded.
The killer bee stings you but does no damage.
The killer bee closely misses you. x2; The killer bee stings you!
The killer bee closely misses you. The killer bee stings you.
The killer bee closely misses you.
The killer bee stings you but does no damage. x2
You shoot an arrow. The arrow hits the killer bee.
The killer bee is severely wounded.
The killer bee closely misses you. The killer bee barely misses you.
The killer bee stings you but does no damage. x2
The killer bee misses you. x2
You shoot an arrow. The arrow hits the killer bee!
You kill the killer bee!
The killer bee stings you.
The killer bee stings you but does no damage.
The killer bee closely misses you. The killer bee barely misses you.
You shoot an arrow.
The arrow closely misses the killer bee.
The killer bee misses you. x2; The killer bee stings you.
The killer bee closely misses you. The killer bee stings you.
The killer bee closely misses you.
You shoot an arrow.
The arrow hits the killer bee but does no damage.
The killer bee closely misses you. The killer bee barely misses you.
The killer bee misses you. The killer bee barely misses you.
You shoot an arrow. The arrow barely misses the killer bee.
The killer bee stings you.
The killer bee stings you but does no damage. x3
You shoot an arrow. The arrow hits the killer bee!
The killer bee is heavily wounded.
The killer bee barely misses you.
The killer bee stings you but does no damage. x3
You shoot an arrow.
The arrow closely misses the killer bee.
The killer bee stings you. The killer bee barely misses you.
The killer bee stings you.
You die...

..# #..........##.###..........
..# #..................%.......
..# #.......#..##.###..........
..# #.......+..##.###..........
..# #.......#.###..............
..# ######.##.###..............
..# #.##......[...........
..##########+###%###...##........
###.............@.......+........
...............y.y.....##........
###....................##......>.
###....................##........
..'...........######...##........
###...........# #...##........
######'###### #...##........
########.# #...##........
......##.# #...##........


You could see 2 killer bees.

Vanquished Creatures
  A steam dragon (D:4)
  2 black bears (D:4)
  2 killer bees (D:4)
  A howler monkey (D:4)
  A hound (D:4)
  Jessica (D:3)
  Ijyb (D:4)
  2 iguanas (D:4)
  2 orc wizards (D:3)
  4 gnolls (D:3)
  3 adders
  A worm (D:2)
  4 dart slugs (D:1)
  7 orcs
  7 ball pythons
  4 endoplasms
  3 giant cockroaches
  10 goblins
  8 hobgoblins
  3 quokkas
  6 bats
  4 frilled lizards
  7 kobolds
  5 rats
89 creatures vanquished.

Notes
Turn   | Place    | Note
-------+----------+-------------------------------------------
     0 | D:1      | qw the Gargoyle Hunter began the quest for the Orb.
     0 | D:1      | Reached XP level 1. HP: 12/12 MP: 1/1
     0 | D:1      | 0 ||| qw: Version: 0.2-a-120-gdf1a93b
     0 | D:1      | 0 ||| qw: Game counter: 3094
     0 | D:1      | 0 ||| qw: Always use a shield: true
     0 | D:1      | 0 ||| qw: God list: Okawaru
     0 | D:1      | 0 ||| qw: Allow faded altars: false
     0 | D:1      | 0 ||| qw: Do Orc after D:15 true
     0 | D:1      | 0 ||| qw: Do second Lair branch before Depths: true
     0 | D:1      | 0 ||| qw: Lair rune preference: random
     0 | D:1      | 0 ||| qw: Plans: Normal
     0 | D:1      | 0 ||| PLANNING D:1-11
    60 | D:1      | Reached XP level 2. HP: 17/17 MP: 2/2
   771 | D:1      | 771 ||| READING scroll labelled YDWAIFUSKA.
   772 | D:1      | 772 ||| READING scroll labelled WUUPHOR NYSO.
   773 | D:1      | 773 ||| DROPPING scroll of butterflies.
   879 | D:2      | Reached XP level 3. HP: 21/21 MP: 3/3
  1000 | D:2      | Reached skill level 5 in Ranged Weapons
  1114 | D:2      | Found a shimmering blue altar of Sif Muna.
  1304 | D:2      | Reached skill level 3 in Fighting
  1440 | D:2      | Reached XP level 4. HP: 28/28 MP: 4/4
  1550 | D:2      | Found a faded altar of an unknown god.
  1680 | D:2      | 1680 ||| UPGRADING to +0 ring mail.
  1690 | D:2      | 1690 ||| DROPPING +0 leather armour.
  1691 | D:2      | 1691 ||| READING scroll labelled GOCRAW LUZAM.
  1692 | D:2      | 1692 ||| READING scroll labelled MIMEHE XIEGG.
  1692 | D:2      | Identified a scroll of acquirement
  1692 | D:2      | 1692 ||| ACQUIRING amulet of the acrobat
  1692 | D:2      | Acquired an amulet of the acrobat
  1694 | D:2      | 1694 ||| UPGRADING to amulet of the acrobat.
  1699 | D:2      | 1699 ||| DRINKING 2 sapphire potions.
  1803 | D:2      | 1803 ||| DROPPING potion of berserk rage.
  1837 | D:3      | Noticed Jessica
  1844 | D:3      | Killed Jessica
  1845 | D:3      | Reached skill level 1 in Armour
  2157 | D:3      | 2157 ||| FLEEEEING.
  2158 | D:3      | 2158 ||| FLEEEEING.
  2159 | D:3      | 2159 ||| FLEEEEING.
  2160 | D:3      | 2160 ||| FLEEEEING.
  2162 | D:3      | 2162 ||| FLEEEEING.
  2163 | D:3      | 2163 ||| FLEEEEING.
  2164 | D:3      | 2164 ||| FLEEEEING.
  2165 | D:3      | 2165 ||| FLEEEEING.
  2166 | D:3      | 2166 ||| FLEEEEING.
  2178 | D:3      | Reached XP level 5. HP: 19/32 MP: 5/5
  2213 | D:3      | HP: 8/32 [orc wizard/magic dart (8)]
  2554 | D:3      | 2554 ||| SWAPPING to +0 orcbow.
  2556 | D:3      | 2556 ||| DROPPING +0 shortbow.
  2781 | D:3      | Reached skill level 6 in Ranged Weapons
  2983 | D:3      | 2983 ||| UPGRADING to +3 leather armour.
  2993 | D:3      | 2993 ||| DROPPING +0 ring mail.
  2994 | D:3      | 2994 ||| UPGRADING to +0 cloak.
  2999 | D:3      | 2999 ||| READING scroll labelled PETOH BUGAMY.
  3000 | D:3      | 3000 ||| READING scroll labelled DYWUSH SETHUL.
  3114 | D:4      | Reached XP level 6. HP: 39/39 MP: 6/6
  3165 | D:4      | Noticed Ijyb
  3173 | D:4      | Noticed a black bear
  3181 | D:4      | Killed a black bear
  3185 | D:4      | Killed Ijyb
  3391 | D:4      | Noticed a black bear
  3398 | D:4      | Killed a black bear
  3399 | D:4      | Reached skill level 7 in Ranged Weapons
  3399 | D:4      | Reached XP level 7. HP: 44/44 MP: 7/7
  3805 | D:4      | 3805 ||| READING 3 scrolls labelled VURPHOCH ZUMOZ.
  3806 | D:4      | 3806 ||| READING scroll labelled FUKUYR QIURCH.
  3807 | D:4      | 3807 ||| READING 3 scrolls labelled UKLUERCH RI DEV.
  3808 | D:4      | 3808 ||| READING 2 scrolls of identify.
  3808 | D:4      | 3808 ||| IDENTIFYING murky sapphire potion
  3809 | D:4      | 3809 ||| DROPPING potion of lignification.
  3810 | D:4      | 3810 ||| DROPPING 2 scrolls of magic mapping.
  3849 | D:5      | Entered Level 5 of the Dungeon
  3849 | D:5      | Noticed a steam dragon
  3857 | D:5      | 3857 ||| STAIRDANCE
  3867 | D:4      | Killed a steam dragon
  3891 | D:4      | 3891 ||| FLEEEEING.
  3931 | D:5      | 3931 ||| STAIRDANCE
  3937 | D:4      | Reached skill level 8 in Ranged Weapons
  4018 | D:5      | 4018 ||| STAIRDANCE
  4025 | D:4      | HP: 10/44 [killer bee (3)]
  4027 | D:4      | HP: 4/44 [killer bee (6)]
  4029 | D:4      | Slain by a killer bee

Levels and vault maps discovered:
D:1:      tarquinn_simple_flora_water_a, layout_loops_ring,
          minmay_misc_feat_chi, roderic_serpentine_path
D:2:      layout_loops_corners, dreamdust_ecumenical_altar_angels_and_demons,
          basic_altar
D:3:      layout_loops_corners, uniq_jessica
D:4:      layout_basic, uniq_ijyb
D:5:      layout_basic, minmay_temple_entry_statues_fountains,
          uniq_blork_the_orc, uniq_menkaure, uniq_grinder

Skill      XL: |  1  2  3  4  5  6  7 |
---------------+----------------------+-----
Ranged Weapons | 5 6 7 8 |  8.0
Fighting       | 3 4 |  4.9
Armour         | 1 |  1.5
Dodging        | 2 |  2.0
Stealth        | |  1.1

Action                     |  1- 3 |  4- 6 |  7- 9 || total
---------------------------+-------+-------+-------++-------
   Fire: Shortbow          |   110 |    98 |       ||   208
         Orcbow            |       |    97 |    63 ||   160
    Use: Scroll            |     2 |     4 |     4 ||    10
         Potion            |       |     1 |       ||     1
 Armour: Leather armour    |    10 |    19 |    41 ||    70
         Ring mail         |       |    33 |       ||    33
  Dodge: Dodged            |    20 |    83 |    72 ||   175

Table legend:
 A = Non-vault XP
 B = Vault XP
 C = Vault XP percentage of total XP
 D = Non-vault monster count
 E = Vault monster count
 F = Vault count percentage of total count
                 A         B        C        D         E       F
            +---------+---------+-------+---------+---------+-------
      Total |    1018 |      73 |   6.7 |      87 |       2 |   2.2
            +---------+---------+-------+---------+---------+-------
        D:1 |      33 |       0 |   0.0 |      15 |       0 |   0.0
        D:2 |      59 |       0 |   0.0 |      21 |       0 |   0.0
        D:3 |     150 |      37 |  19.8 |      32 |       1 |   3.0
        D:4 |     776 |      36 |   4.4 |      19 |       1 |   5.0
            +---------+---------+-------+---------+---------+-------
